 Dungeon Crawl Stone Soup version 0.25-a0-886-gd7461d2276 (webtiles) character file.

Game seed: 8628083036743213526, levelgen mode: classic

11 Pixllover the Chopper (level 2, 0/40 HPs)
             Began as a Minotaur Berserker on July 16, 2019.
             Was a Follower of Trog.
             Slain by a kobold
             ... wielding a +0 short sword
              (4 damage)
             ... on level 1 of the Dungeon on May 2, 2020.
             The game lasted 00:01:16 (176 turns).

Pixllover the Chopper (Minotaur Berserker)           Turns: 176, Time: 00:01:16

Health: 0/40       AC:  2    Str: 21    XL:     2   Next: 17%
Magic:  1/1        EV: 12    Int:  4    God:    Trog [*.....]
Gold:   8          SH:  0    Dex:  9    Spells: 1/1 levels left

rFire    . . .     SeeInvis .   a - +0 hand axe
rCold    . . .     Gourm    .   (no shield)
rNeg     . . .     Faith    .   b - +0 animal skin
rPois    .         Spirit   .   (helmet restricted)
rElec    .         Reflect  .   (no cloak)
rCorr    .         Harm     .   (no gloves)
MR       .....                  (no boots)
Stlth    ..........             (no amulet)
HPRegen  0.13/turn              (no ring)
MPRegen  0.07/turn              (no ring)

@: berserking, very quick
A: retaliatory headbutt, horns 2
a: Berserk, Renounce Religion


You were on level 1 of the Dungeon.
You worshipped Trog.
Trog was aware of your devotion.
You were not hungry.

You visited 1 branch of the dungeon, and saw 1 of its levels.

You collected 8 gold pieces.

Inventory:

Hand Weapons
 a - a +0 hand axe (weapon)
Armour
 b - a +0 animal skin (worn)
Scrolls
 d - a scroll of fog
 e - a scroll of identify {unknown}
 g - a scroll of remove curse {unknown}
Comestibles
 c - 2 rations
 f - 7 chunks of flesh


   Skills:
 + Level 3.9 Fighting
 + Level 3.9 Axes
 + Level 2.6 Armour
 + Level 2.4 Dodging


You had one spell level left.
You didn't know any spells.
Your spell library was empty.

Dungeon Overview and Level Annotations

Branches:
Dungeon (1/15)

Altars:


Innate Abilities, Weirdness & Mutations

You reflexively headbutt those who attack you in melee.
You have a pair of horns on your head.


Message History

The rat twitches its whiskers.
The hobgoblin hits you with a +0 club.
* * * LOW HITPOINT WARNING * * *
You barely miss the hobgoblin. You headbutt the hobgoblin.
You kill the hobgoblin!
Trog accepts your kill.
You see here a +0 club.
The rat closely misses you.
You closely miss the rat.
The kobold shouts!
You headbutt the rat.
You kill the rat!
Trog accepts your kill.
You see here a rat corpse.
You aren't carrying any potions.
A red film seems to cover your vision as you go berserk!
You feel yourself moving faster!
You feel mighty!
You feel a lot more hungry.
You feel a strong urge to attack something.
The kobold hits you with a +0 short sword.
You die...

#.# #.# #.# #.# #.# ###
#.# ## #.# #.. ... .#
#.# #.# #.# .# ##§###.#
#.# .# #
##§§§##.####.####.##.###
.)§§§...................
..§§§........).†@K....#
#.§§§........####.##..#
##.§§#.#####.....(..
##§##.# #.####.##..
####.# #.. .# ## #.#
#.## ## ### #.# #.# ..(
#.. ..# ### ### ###


You could see a kobold.

Vanquished Creatures
  2 hobgoblins (D:1)
  4 jackals (D:1)
  A kobold (D:1)
  3 rats (D:1)
10 creatures vanquished.

Notes
Turn   | Place    | Note
-------+----------+-------------------------------------------
     0 | D:1      | Pixllover the Minotaur Berserker began the quest for the
                  | Orb.
     0 | D:1      | Reached XP level 1. HP: 19/19 MP: 0/0
   130 | D:1      | Reached XP level 2. HP: 14/27 MP: 1/1
   146 | D:1      | Upgraded the game from 0.24-a0-504-gcfb02b9d07 to
                  | 0.25-a0-886-gd7461d2276
   176 | D:1      | Slain by a kobold

Levels and vault maps discovered:
D:1:      minmay_arrival_wavy_path, layout_loops_ring, minmay_door_square,
          minmay_pentomino_r2

Action                   || total
-------------------------++-------
Melee: Hand axe          ||    26
       Headbutt          ||     3
Invok: Berserk           ||     1
  Use: Scroll            ||     1
Armor: Animal skin       ||     3
Dodge: Dodged            ||    14

Table legend:
 A = Non-vault XP
 B = Vault XP
 C = Vault XP percentage of total XP
 D = Non-vault monster count
 E = Vault monster count
 F = Vault count percentage of total count
                 A         B        C        D         E       F
            +---------+---------+-------+---------+---------+-------
      Total |      17 |       0 |   0.0 |      10 |       0 |   0.0
            +---------+---------+-------+---------+---------+-------
        D:1 |      17 |       0 |   0.0 |      10 |       0 |   0.0
            +---------+---------+-------+---------+---------+-------
